 Dungeon Crawl Stone Soup version 0.21.0-22-g11d5b52 (webtiles) character file.

57036 Gruud the Dancer (level 14, -43/114 HPs)
             Began as a Demonspawn Necromancer on Jan 17, 2018.
             Was a Priest of Uskayaw.
             Annihilated by a titanic slime creature (71 damage)
             ... on level 12 of the Dungeon on Jan 18, 2018.
             The game lasted 01:28:55 (15428 turns).

Gruud the Dancer (Demonspawn Necromancer)          Turns: 15428, Time: 01:28:56

Health: -43/114    AC: 22    Str: 13    XL:     14   Next: 44%
Magic:  16/23      EV: 11    Int: 18    God:    Uskayaw [***...]
Gold:   1255       SH:  0    Dex: 13    Spells: 4/21 levels left

rFire    + . .     SeeInvis .   a - +1 whip (elec)
rCold    . . .     Gourm    .   (no shield)
rNeg     . . .     Faith    .   W - +0 swamp dragon scales
rPois    +         Spirit   .   (helmet restricted)
rElec    .         Reflect  .   K - +2 cloak
rCorr    .         Harm     .   S - +0 pair of gloves
MR       +....                  (no boots)
Stlth    +.........             v - amulet of regeneration
HPRegen  0.69/turn              Q - ring of protection from fire
MPRegen  0.18/turn              y - +4 ring of slaying

@: sanguine armour, studying Fighting
A: horns 1, powered by death 3, spiny 1, sanguine armour 2
a: Stomp, Line Pass, Renounce Religion


You were on level 12 of the Dungeon.
You worshipped Uskayaw.
Uskayaw was pleased with you.
You were very hungry.

You visited 2 branches of the dungeon, and saw 18 of its levels.

You collected 1405 gold pieces.
You spent 150 gold pieces at shops.

Inventory:

Hand Weapons
 a - a +1 whip of electrocution (weapon)
 b - a +0 hunting sling
 U - the +8 dagger of Darkness {pierce, rPois Str+5}
   (You found it on level 4 of the Lair of Beasts)

   It inflicts extra damage upon your enemies.
   It affects your strength (+5).
   It protects you from poison.
Missiles
 n - 116 sling bullets
 A - 2 throwing nets (quivered)
 Y - 11 curare-tipped needles
Armour
 d - the +1 robe of Butsemich {rElec}
   (You found it on level 4 of the Dungeon)

   It insulates you from electricity.
 w - a +0 troll leather armour
 E - a +4 scale mail of poison resistance
 K - a +2 cloak (worn)
 M - +0 acid dragon scales
 S - a +0 pair of gloves (worn)
 V - a +1 robe of resistance
 W - +0 swamp dragon scales (worn)
Jewellery
 f - an uncursed ring of see invisible
 q - a +3 amulet of reflection
 v - an amulet of regeneration (around neck)
 y - a +4 ring of slaying (right hand)
 J - an uncursed amulet of the gourmand
 Q - a ring of protection from fire (left hand)
 R - an uncursed ring of protection from cold
Wands
 C - a wand of acid (16)
 F - a wand of iceblast (9)
Scrolls
 h - 4 scrolls of immolation
 i - 4 scrolls of remove curse
 l - 2 scrolls of blinking
 s - 2 scrolls of amnesia {unknown}
 u - 9 scrolls of teleportation
 D - 3 scrolls of enchant weapon
 G - 2 scrolls of identify
 L - a scroll of fear
 N - a scroll of silence
 P - 2 scrolls of enchant armour
Potions
 e - 3 potions of might
 g - a potion of ambrosia
 j - 6 potions of lignification
 k - 3 potions of flight
 m - 8 potions of curing
 o - 8 potions of heal wounds
 p - 8 potions of haste
 r - a potion of magic
 H - 2 potions of brilliance
 I - a potion of berserk rage
 O - 2 potions of mutation
 T - 2 potions of agility
Books
 t - a book of Necromancy

   Spells                             Type                      Level
   a - Pain                           Necromancy                   1
   b - Animate Skeleton               Necromancy                   1
   c - Vampiric Draining              Necromancy                   3
   d - Regeneration                   Charms/Necromancy            3
   e - Animate Dead                   Necromancy                   4
   f - Borgnjor's Vile Clutch         Necromancy/Earth             5
 z - a manual of Fighting
 B - a book of Maledictions

   Spells                             Type                      Level
   a - Corona                         Hexes                        1
   b - Ensorcelled Hibernation        Hexes/Ice                    2
   c - Confuse                        Hexes                        3
   d - Tukima's Dance                 Hexes                        3
   e - Dazzling Spray                 Conjuration/Hexes            3
 X - a book of Death

   Spells                             Type                      Level
   a - Corpse Rot                     Necromancy                   2
   b - Sublimation of Blood           Necromancy                   2
   c - Agony                          Necromancy                   5
   d - Dispel Undead                  Necromancy                   5
   e - Excruciating Wounds            Charms/Necromancy            5
   f - Bolt of Draining               Conjuration/Necromancy       5
Comestibles
 c - 44 rations


   Skills:
 + Level 11.8 Fighting
 - Level 12.0 Maces & Flails
 + Level 6.9 Armour
 - Level 1.7 Dodging
 - Level 1.7 Stealth
 - Level 4.2 Spellcasting
 + Level 4.1 Charms
 - Level 12.0 Necromancy
 - Level 10.0 Earth Magic
 + Level 13.0 Invocations


You had 4 spell levels left.
You knew the following spells:

 Your Spells              Type           Power        Failure   Level  Hunger
a - Pain                  Necr           ####         1%          1    None
b - Animate Skeleton      Necr           N/A          1%          1    None
c - Vampiric Draining     Necr           #####.....   1%          3    ###....
d - Regeneration          Chrm/Necr      ####......   3%          3    ###....
e - Borgnjor's Vile Clut  Necr/Erth      #####.....   9%          5    ######.
f - Animate Dead          Necr           N/A          1%          4    ####...


Dungeon Overview and Level Annotations

Branches:
Dungeon (12/15)            Temple (0/1) D:6            Lair (6/6) D:8
  Swamp (0/4) Lair:2        Snake (0/4) Lair:4        Slime (0/5) Lair:6
    Orc (0/2) D:11

Altars:
Ashenzari
Dithmenos
Elyvilon
Fedhas
Hepliaklqana
Okawaru
Qazlal
Uskayaw
Vehumet
Yredelemnul
The Shining One
Jiyva

Shops:
D:4 !   D:6 [

Annotations:
D:10 1 runed door


Innate Abilities, Weirdness & Mutations

You have a pair of small horns on your head.
You regenerate a lot of health from kills.
You are partially covered in sharp spines.
When seriously injured, your bleeding wounds create thick armour. (AC +9)


Message History

The titanic slime creature is severely wounded.
The helpless titanic slime creature fails to defend itself.
You whack the titanic slime creature!
The titanic slime creature is severely wounded.
The helpless titanic slime creature fails to defend itself.
You whack the titanic slime creature!
The titanic slime creature is severely wounded.
The titanic slime creature is no longer paralysed.
The titanic slime creature is struck by your spines.
The titanic slime creature hits you!!!!
Ouch! That really hurt!
* * * LOW HITPOINT WARNING * * *
Your blood congeals into armour.
Okay, then.
Aiming: Line Pass
Press: ? - help, Dir - move target cursor The titanic slime creature appears confused.
You feel somewhat more hungry. The titanic slime creature hits you!!!
Ouch! That really hurt!
You die...

#.# #.# #.#
#.# #.# #.#
#.#
#.#.##########
#...@J.......#
###.########.#
#.# #.# #.#
..# ###


You could see a titanic slime creature (confused).

Vanquished Creatures
  A hydra (Lair:5)
  2 two-headed ogres
  A catoblepas (Lair:6)
  4 death yaks (Lair:4)
  An unseen horror (D:12)
  A swamp dragon (Lair:6)
  A lindwurm (Lair:6)
  Pikel (D:4)
  2 manticores
  A cyclops (D:11)
  An ugly thing (D:7)
  6 black mambas
  17 elephants
  8 spiny frogs
  A torpor snail (Lair:6)
  5 rime drakes
  4 komodo dragons
  4 trolls
  A polar bear (Lair:2)
  4 dream sheep (Lair:6)
  3 slime creatures (D:12)
  20 blink frogs
  11 hippogriffs
  A wyvern (D:9)
  A basilisk (Lair:5)
  47 yaks
  A hungry ghost (D:8)
  A steam dragon (Lair:6)
  2 acid dragons
  Edmund (D:6)
  3 wargs (D:11)
  9 porcupines
  A swamp drake (Lair:6)
  22 water moccasins
  5 orc warriors
  6 ogres
  3 ice beasts
  2 sky beasts
  5 phantoms
  6 wolves (Lair:1)
  An eye of draining (D:11)
  A necrophage (D:5)
  2 centaurs
  15 crocodiles
  16 bullfrogs
  A wyvern skeleton (D:8)
  5 scorpions
  7 killer bees
  9 electric eels
  2 crimson imps
  4 howler monkeys
  A centaur zombie (D:12)
  A quasit (D:8)
  7 orc priests
  A bullfrog skeleton (D:9)
  7 hounds
  8 jellies
  5 orc wizards
  A centaur skeleton (D:4)
  4 iguanas
  Natasha (thrice) (D:3)
  Terence (D:2)
  9 worker ants
  A killer bee zombie (D:3)
  A hound skeleton (D:5)
  A howler monkey zombie (D:7)
  9 gnolls
  18 adders
  2 shadow imps
  6 oozes
  A worm (D:5)
  8 leopard geckos
  35 orcs
  10 bats
  5 giant cockroaches
  5 hobgoblins
  5 jackals (D:5)
  6 kobolds
  8 quokkas
  5 ball pythons
  3 frilled lizards
  8 goblins
  A leopard gecko zombie (D:5)
  A quokka zombie (D:7)
  2 fungi
  A plant (Lair:6)
469 creatures vanquished.

Vanquished Creatures (collateral kills)
  A fire dragon (Lair:6)
  Harold (Lair:4)
  3 hydras
  3 death yaks (Lair:6)
  A lindwurm (Lair:6)
  A manticore (Lair:6)
  5 elephants (Lair:2)
  A black mamba (Lair:6)
  5 spiny frogs
  2 komodo dragons
  A kobold demonologist (D:10)
  A rime drake (Lair:2)
  A polar bear (Lair:6)
  Grinder (D:6)
  2 dream sheep (Lair:6)
  A slime creature (D:12)
  6 blink frogs
  2 hippogriffs
  2 yaks (Lair:4)
  2 basilisks
  A warg (D:11)
  Duvessa (D:6)
  An acid dragon (Lair:6)
  A water moccasin (Lair:5)
  A porcupine (Lair:2)
  An ice beast (D:6)
  An eye of draining (D:10)
  A wolf (Lair:6)
  3 crocodiles
  A bullfrog (D:11)
  Dowan (D:6)
  2 killer bees (D:11)
  An electric eel (Lair:6)
  2 crimson imps (D:6)
  A bullfrog zombie (D:6)
  An orc wizard (D:3)
  A centaur skeleton (D:6)
  An adder (D:2)
  A worm (D:4)
  A dart slug (D:2)
  2 orcs (D:6)
  2 frilled lizards
  A quokka skeleton (D:6)
  2 butterflies (Lair:2)
  4 fungi
  8 plants
85 creatures vanquished.

Vanquished Creatures (others)
  4 fungi
  9 plants
13 creatures vanquished.

Grand Total: 567 creatures vanquished

Notes
Turn   | Place    | Note
-------+----------+-------------------------------------------
     0 | D:1      | Gruud the Demonspawn Necromancer began the quest for the Orb.
     0 | D:1      | Reached XP level 1. HP: 13/13 MP: 3/3
     2 | D:1      | Learned a level 1 spell: Animate Skeleton
   416 | D:1      | Gained mutation: You are partially covered in sharp spines. [demonic ancestry]
   416 | D:1      | Reached XP level 2. HP: 19/19 MP: 3/5
   438 | D:1      | Reached skill level 5 in Necromancy
   953 | D:2      | Reached XP level 3. HP: 21/24 MP: 3/6
   959 | D:2      | Learned a level 3 spell: Vampiric Draining
  1292 | D:2      | Reached XP level 4. HP: 23/30 MP: 1/7
  1297 | D:2      | Learned a level 3 spell: Regeneration
  1511 | D:2      | Noticed Terence
  1516 | D:2      | Killed Terence
  1885 | D:3      | Found a hazy altar of Hepliaklqana.
  1941 | D:3      | Gained mutation: When seriously injured, your bleeding wounds create armour. (AC +9) [demonic ancestry]
  1941 | D:3      | Reached XP level 5. HP: 28/35 MP: 7/9
  2354 | D:3      | Reached XP level 6. HP: 30/41 MP: 11/11
  2475 | D:3      | Noticed Natasha
  2479 | D:3      | Killed Natasha
  2536 | D:3      | Noticed Natasha
  2539 | D:3      | Killed Natasha
  2710 | D:3      | Noticed Natasha
  2716 | D:3      | Killed Natasha
  3021 | D:4      | Found a white marble altar of Elyvilon.
  3025 | D:4      | Found a radiant altar of Vehumet.
  3030 | D:4      | Found a hide-covered altar of Uskayaw.
  3045 | D:4      | Noticed a slave
  3046 | D:4      | Noticed a slave
  3239 | D:5      | Entered Level 5 of the Dungeon
  3259 | D:5      | Learned a level 5 spell: Borgnjor's Vile Clutch
  3359 | D:5      | Reached skill level 1 in Earth Magic
  3359 | D:5      | Gained mutation: You have a pair of small horns on your head. [demonic ancestry]
  3359 | D:5      | Reached XP level 7. HP: 46/46 MP: 9/13
  3374 | D:4      | Found Oschoar's Distillery.
  3383 | D:4      | Bought a potion of heal wounds for 50 gold pieces
  3383 | D:4      | Bought a potion of haste for 100 gold pieces
  3730 | D:5      | Found a shadowy altar of Dithmenos.
  4100 | D:4      | Became a worshipper of Uskayaw the Reveler
  4115 | D:4      | Noticed Pikel
  4118 | D:4      | Reached * piety under Uskayaw
  4128 | D:4      | Reached ** piety under Uskayaw
  4129 | D:4      | Killed Pikel
  4129 | D:4      | Reached skill level 3 in Invocations
  4129 | D:4      | Reached XP level 8. HP: 35/52 MP: 0/14
  4142 | D:4      | Got a creamy pearl robe
  4153 | D:4      | Identified the +1 robe of Butsemich {rElec} (You found it on level 4 of the Dungeon)
  4314 | D:4      | Reached *** piety under Uskayaw
  4340 | D:4      | Found a shattered altar of Ashenzari.
  4644 | D:6      | Reached skill level 4 in Invocations
  4647 | D:6      | Noticed Grinder
  4654 | D:6      | Paralysed by Grinder for 2 turns
  4661 | D:6      | Reached skill level 5 in Earth Magic
  4670 | D:6      | Reached **** piety under Uskayaw
  4674 | D:6      | Killed Grinder
  4745 | D:6      | Found Keupisun's Armour Boutique.
  4750 | D:6      | Reached skill level 5 in Invocations
  4750 | D:6      | Gained mutation: You regenerate a little health from kills. [demonic ancestry]
  4750 | D:6      | Reached XP level 9. HP: 57/57 MP: 6/15
  4768 | D:6      | Noticed Duvessa
  4771 | D:6      | Noticed Dowan
  4780 | D:6      | Killed Duvessa
  4782 | D:6      | Noticed Edmund
  4784 | D:6      | Killed Dowan
  4815 | D:6      | Killed Edmund
  4986 | D:6      | Found a staircase to the Ecumenical Temple.
  5068 | D:6      | Found a stormy altar of Qazlal.
  5068 | D:6      | Found an iron altar of Okawaru.
  5327 | D:7      | Reached skill level 6 in Invocations
  5336 | D:7      | Reached skill level 1 in Maces & Flails
  5459 | D:7      | Reached skill level 10 in Necromancy
  5867 | D:7      | Noticed a purple ugly thing
  5882 | D:7      | Killed a purple ugly thing
  6490 | D:8      | Reached skill level 7 in Invocations
  6495 | D:8      | Gained mutation: You regenerate health from kills. [demonic ancestry]
  6495 | D:8      | Reached XP level 10. HP: 49/63 MP: 16/16
  6650 | D:8      | Found a staircase to the Lair.
  6951 | D:9      | Learned a level 4 spell: Animate Dead
  7536 | D:9      | Found a blossoming altar of Fedhas.
  7766 | D:9      | Reached skill level 5 in Maces & Flails
  7883 | D:10     | Entered Level 10 of the Dungeon
  7900 | D:10     | Reached skill level 1 in Fighting
  7900 | D:10     | Reached skill level 8 in Invocations
  8220 | D:10     | Noticed a two-headed ogre
  8231 | D:10     | Killed a two-headed ogre
  8336 | D:10     | Reached XP level 11. HP: 74/74 MP: 11/17
  8489 | D:10     | Found a glowing golden altar of the Shining One.
  8495 | D:10     | Found a runed door.
  8495 | D:10     | Noticed an angel
  8718 | D:11     | Noticed a two-headed ogre
  8726 | D:11     | Killed a two-headed ogre
  8732 | D:11     | Found a basalt altar of Yredelemnul.
  8800 | D:11     | Reached ***** piety under Uskayaw
  8806 | D:11     | Found a staircase to the Orcish Mines.
  9116 | D:11     | Reached skill level 9 in Invocations
  9593 | D:12     | Reached skill level 5 in Fighting
  9632 | D:12     | Noticed an unseen horror
  9729 | D:12     | Killed an unseen horror
  9861 | Lair:1   | Entered Level 1 of the Lair of Beasts
  9869 | Lair:1   | Reached skill level 1 in Armour
  9878 | Lair:1   | Reached skill level 10 in Earth Magic
  9902 | Lair:1   | Gained mutation: When seriously injured, your bleeding wounds create thick armour. (AC +9) [demonic ancestry]
  9902 | Lair:1   | Reached XP level 12. HP: 76/87 MP: 1/19
  9917 | Lair:1   | Reached ****** piety under Uskayaw
 10554 | Lair:1   | Reached skill level 10 in Invocations
 10802 | Lair:2   | Found a staircase to the Swamp.
 10909 | Lair:2   | Noticed a six-headed hydra
 10921 | Lair:2   | Killed a six-headed hydra
 11461 | Lair:3   | Reached skill level 11 in Invocations
 12171 | Lair:4   | Noticed a death yak
 12172 | Lair:4   | Noticed a death yak
 12172 | Lair:4   | Noticed a death yak
 12173 | Lair:4   | Noticed a death yak
 12179 | Lair:4   | Killed a death yak
 12181 | Lair:4   | Killed a death yak
 12181 | Lair:4   | Gained mutation: You regenerate a lot of health from kills. [demonic ancestry]
 12181 | Lair:4   | Reached XP level 13. HP: 98/101 MP: 16/21
 12250 | Lair:4   | Reached skill level 10 in Maces & Flails
 12401 | Lair:4   | Got a warped dagger
 12431 | Lair:4   | Found a staircase to the Snake Pit.
 12438 | Lair:4   | Reached skill level 5 in Armour
 12634 | Lair:4   | Reached skill level 10 in Fighting
 12643 | Lair:4   | Noticed Harold
 12654 | Lair:4   | Killed Harold
 13090 | Lair:5   | Reached skill level 1 in Charms
 13093 | Lair:5   | Reached skill level 12 in Invocations
 13768 | Lair:6   | Entered Level 6 of the Lair of Beasts
 13815 | Lair:5   | Upgraded the game from 0.21.0-3-g78d12a8 to 0.21.0-22-g11d5b52
 13938 | Lair:6   | Identified the +8 dagger of Darkness {pierce, rPois Str+5} (You found it on level 4 of the Lair of Beasts)
 14081 | Lair:6   | Reached XP level 14. HP: 78/113 MP: 10/23
 14390 | Lair:6   | Found a staircase to the Slime Pits.
 14391 | Lair:6   | Found a viscous altar of Jiyva.
 14794 | Lair:6   | Reached skill level 13 in Invocations
 15428 | D:12     | Annihilated by a titanic slime creature

Skill      XL: |  1  2  3  4  5  6  7  8  9 10 11 12 13 14 |
---------------+-------------------------------------------+-----
Necromancy     | 5 6 7 8 9 10 11 12 | 12.0
Spellcasting   | 3 4 |  4.2
Earth Magic    | 1 4 5 7 8 10 | 10.0
Invocations    | 3 5 7 8 9 11 12 13 | 13.0
Maces & Flails | 3 5 7 9 11 12 | 12.0
Fighting       | 2 5 9 11 | 11.8
Armour         | 1 4 6 |  6.9
Charms         | 2 4 |  4.1
Dodging        | |  1.7
Stealth        | |  1.7

Action                   |  1- 3 |  4- 6 |  7- 9 | 10-12 | 13-15 || total
-------------------------+-------+-------+-------+-------+-------++-------
Melee: Whip              |     7 |     8 |   177 |   370 |   343 ||   905
       Rapier            |       |    12 |    25 |       |       ||    37
       Headbutt          |       |       |    27 |    75 |    69 ||   171
 Cast: Pain              |    54 |    94 |    30 |    75 |       ||   253
       Animate Skeleton  |    11 |    19 |    37 |    47 |    28 ||   142
       Regeneration      |       |     1 |    16 |    20 |     8 ||    45
       Vampiric Draining |       |       |    12 |    16 |     5 ||    33
       Borgnjor's Vile C |       |       |     7 |    34 |    19 ||    60
       Animate Dead      |       |       |       |    17 |    21 ||    38
Invok: Stomp             |       |       |       |       |     1 ||     1
       Line Pass         |       |       |       |       |     2 ||     2
Evoke: Wand              |       |       |     2 |       |       ||     2
  Use: Scroll            |       |    10 |     4 |    12 |     4 ||    30
 Stab: Sleeping          |       |     1 |     1 |     1 |       ||     3
       Paralysed         |       |       |     5 |    33 |    48 ||    86
       Distracted        |       |       |     2 |     2 |     2 ||     6
       Petrified         |       |       |       |       |     1 ||     1
  Eat: Chunk             |     2 |     6 |    16 |    50 |    22 ||    96
       Ration            |       |       |     1 |       |       ||     1
Armor: Robe              |     3 |     8 |    54 |    15 |       ||    80
       Troll leather arm |       |       |       |    26 |       ||    26
       Acid dragon scale |       |       |       |    34 |    46 ||    80
       Ring mail         |       |       |       |       |    36 ||    36
       Scale mail        |       |       |       |       |    10 ||    10
       Swamp dragon scal |       |       |       |       |     4 ||     4
Dodge: Dodged            |     5 |    19 |    92 |   171 |   129 ||   416
Block: Other             |       |       |    15 |     2 |       ||    17
